 Dungeon Crawl Stone Soup version 0.21-a0-404-g291f19a (webtiles) character file.

7 Heskey the Grasshopper (level 2, 0/23 HPs)
             Began as a Barachi Warper on Oct 27, 2017.
             Slain by a jackal (2 damage)
             ... on level 1 of the Dungeon.
             The game lasted 00:01:10 (370 turns).

Heskey the Grasshopper (Barachi Warper)              Turns: 370, Time: 00:01:11

Health: 0/23       AC:  3    Str: 12    XL:     2   Next: 4%
Magic:  5/5        EV: 12    Int: 13    God:
Gold:   0          SH:  0    Dex: 11    Spells: 5/5 levels left

rFire    . . .     SeeInvis .   a - +0 mace
rCold    . . .     Gourm    .   (no shield)
rNeg     . . .     Faith    .   b - +0 leather armour
rPois    .         Spirit   .   (no helmet)
rElec    .         Reflect  .   (no cloak)
rCorr    .         Harm     .   (no gloves)
MR       .....                  (no boots)
Stlth    +.........             (no amulet)
HPRegen  0.07/turn              (no ring)
MPRegen  0.09/turn              (no ring)

@: can't hop, slow
A: +LOS, swims, slowness 1, strong legs 1
a: Hop


You were on level 1 of the Dungeon.
You were not hungry.

You visited 1 branch of the dungeon, and saw 1 of its levels.

Inventory:

Hand Weapons
 a - a +0 mace (weapon)
Missiles
 e - 5 tomahawks of dispersal (quivered)
Armour
 b - a +0 leather armour (worn)
Scrolls
 d - a scroll of blinking
 g - a scroll of identify {unknown}
 h - a scroll of amnesia {unknown}
Books
 c - a book of Spatial Translocations

   Spells                             Type                      Level
   a - Blink                          Translocation                2
   b - Shroud of Golubria             Charms/Translocation         2
   c - Lesser Beckoning               Translocation                3
   d - Gell's Gravitas                Translocation                3
   e - Teleport Other                 Translocation                3
   f - Passage of Golubria            Translocation                4
Comestibles
 f - a bread ration


   Skills:
 + Level 2.7 Fighting
 + Level 2.4 Maces & Flails
 - Level 1.0 Throwing
 + Level 1.7 Armour
 - Level 2.1 Dodging
 - Level 2.1 Spellcasting
   Level 3.2 Translocations


You had 5 spell levels left.
You didn't know any spells.

Dungeon Overview and Level Annotations

Branches:
Dungeon (1/15)

Altars:
The Shining One


Innate Abilities, Weirdness & Mutations

Shadows flee at your approach. (+LOS)
You can swim through water.
You cover ground slowly.
You can hop short distances.


Message History

You hit the giant cockroach but do no damage.
The giant cockroach completely misses you.
You closely miss the giant cockroach. The giant cockroach misses you.
The giant cockroach completely misses you.
You sock the giant cockroach!
You kill the giant cockroach!
You have reached level 2!
The jackal bites you.
* * * LOW HITPOINT WARNING * * *
Your legs are too worn out to hop.
You hit the goblin but do no damage. The jackal barely misses you.
The goblin closely misses you. The jackal closely misses you.
The jackal bites you but does no damage.
The goblin hits you with a dagger.
* * * LOW HITPOINT WARNING * * *
The jackal bites you but does no damage.
You closely miss the goblin. The jackal misses you.
The jackal bites you but does no damage.
The goblin closely misses you. The jackal bites you.
You die...

#.# ...
####...#.##..#
#.# ....
#...#.###.# #.#
... #...#.# #..
..# ..
#†..#.####. ##
#.# ##.##......
.. #.########
#h## #.# #hh#
#.# #@# #†#
#g## #.# #K.#
#.#
##.######.#####
#....).......#
##...........#
###...........#
#........^....#
#.............#


You could see 3 jackals, a goblin and a kobold.

Vanquished Creatures
  A leopard gecko (D:1)
  A bat (D:1)
  A giant cockroach (D:1)
  A hobgoblin (D:1)
  A frilled lizard (D:1)
  A kobold (D:1)
6 creatures vanquished.

Notes
Turn   | Place    | Note
-------+----------+-------------------------------------------
     0 | D:1      | Heskey the Barachi Warper began the quest for the Orb.
     0 | D:1      | Reached XP level 1. HP: 17/17 MP: 3/3
   249 | D:1      | Found a glowing golden altar of the Shining One.
   368 | D:1      | Reached XP level 2. HP: 6/23 MP: 5/5
   370 | D:1      | Slain by a jackal

Vault maps used:
D:1:      nzn_arrival_depleted_hourglass, hangedman_decor_lopped, tso_metal_star

Action                   || total
-------------------------++-------
Melee: Mace              ||    28
 Abil: Hop               ||     1
Armor: Leather armour    ||    12
Dodge: Dodged            ||    33

Table legend:
 A = Spawn XP
 B = Non-spawn XP
 C = Spawn XP percentage of total XP
 D = Spawn monster count
 E = Non-spawn monster count
 F = Spawn count percentage of total count
 G = Total turns spent on level
                    A         B        C        D         E        F      G
               +---------+---------+-------+---------+---------+-------+---------
         Total |       0 |      11 |   0.0 |       0 |       6 |   0.0 |   370
               +---------+---------+-------+---------+---------+-------+---------
           D:1 |       0 |      11 |   0.0 |       0 |       6 |   0.0 |   370
               +---------+---------+-------+---------+---------+-------+---------
